 Dungeon Sprint DCSS version 0.18-a0-1126-ga2d7f46 (webtiles) character file.

1232 Kidiri the Basher (level 8, -1/87 HPs)
             Began as a Troll Berserker on Jan 20, 2016.
             Was a High Priest of Trog.
             Slain by Snorg (19 damage)
             ... in the Dungeon (Sprint III: "The Ten Rune Challenge").
             The game lasted 00:03:36 (591 turns).

Kidiri the Basher (Troll Berserker)                  Turns: 591, Time: 00:03:36

Health: -1/87      AC:  9    Str: 28    XL:     8   Next: 24%
Magic:  7/7        EV: 11    Int:  3    God:    Trog [*****.]
Gold:   42         SH:  0    Dex:  4    Spells: 0 memorised, 7 levels left

rFire  . . .     SeeInvis .     d - +6 dire flail (venom)
rCold  . . .     Gourm    +     b - +0 animal skin
rNeg   . . .     Faith    .     (shield currently unavailable)
rPois  .         Spirit   .     (helmet restricted)
rElec  .         Dismiss  .     (no cloak)
rCorr  .         Reflect  .     (gloves unavailable)
SustAt .         Harm     .     (boots unavailable)
MR     .....     NoTele   +     (no amulet)
Stlth  +.........               (no ring)
                                (no ring)

@: exhausted, slowed, very slow, not resistant to hostile enchantments, very
unstealthy
A: unfitting armour, claws 3, talons 1, rough black scales 1, clumsy 2, fast
metabolism 3, gourmand, high mp 1, regeneration 2, shaggy fur 1, tough skin 2
a: Berserk, Trog's Hand, Brothers in Arms, Burn Spellbooks, Renounce Religion


You were in the Dungeon.
You worshipped Trog.
Trog was extremely pleased with you.
You were very hungry.

You visited 1 branch You collected 42 gold pieces.

Inventory:

Hand Weapons
 d - a +6 dire flail of venom (weapon)
Armour
 b - a +0 animal skin (worn)
Wands
 k - a wand of fireball (6/15)
Scrolls
 i - a scroll of blinking
 l - a scroll of holy word {unknown}
 m - a scroll of enchant armour {unknown}
 n - a scroll of immolation {unknown}
 r - a scroll of torment {unknown}
 s - a scroll of random uselessness {unknown}
 t - a scroll of remove curse {unknown}
Potions
 e - a potion of heal wounds
 f - a potion of haste
 g - 2 potions of magic
 h - 2 potions of berserk rage
 o - 2 potions of might
 p - 3 potions of cure mutation
 q - 3 potions of flight
Comestibles
 a - a royal jelly
 c - 2 bread rations
 u - a meat ration


   Skills:
 + Level 7.3 Fighting
 * Level 10.9 Maces & Flails
 * Level 10.1 Dodging


You had 7 spell levels left.
You didn't know any spells.

Dungeon Overview and Level Annotations

Branches:
Dungeon (1/1)

Altars:
Cheibriados
Dithmenos
Elyvilon
Fedhas
Gozag
Kikubaaqudgha
Makhleb
Nemelex Xobeh
Okawaru
Pakellas
Qazlal
Ru
Sif Muna
Trog
Vehumet
Xom
Yredelemnul
Zin
The Shining One
Jiyva
Lugonu

Annotations:
D Snorg


Innate Abilities, Weirdness & Mutations

You are too large for most types of armour.
You have claws for hands.
Your metabolism is lightning-fast.
You like to eat raw meat.
You heal very quickly.
You are covered in fur (AC +1).
You have very tough skin (AC +2).
You have sharp toenails.
You are partially covered in rough black scales (AC +4, Dex -1).
You are very clumsy. (Dex -4)
You have an increased reservoir of magic (+10% MP).


Message History

Snorg bites you! Snorg claws you!! Snorg claws you!
You sock Snorg!
Snorg looks even sicker.
Snorg is heavily wounded.
Snorg closely misses you. Snorg claws you. x2
You impale Snorg!! Your kick misses Snorg.
Snorg is severely wounded.
You spit Snorg like a pig!!! You claw Snorg.
Snorg is almost dead.
You are no longer berserk.
You are exhausted.
You feel yourself slow down.
You are feeling very hungry.
Snorg barely misses you. Snorg closely misses you. Snorg barely misses you.
Snorg bites you! Snorg claws you. Snorg claws you!
* * * LOW HITPOINT WARNING * * *
Drink which item? (? for menu, Esc to quit)
You feel much better. Snorg bites you! Snorg claws you. Snorg claws you!
* * * LOW HITPOINT WARNING * * *
Snorg bites you!!
You die...

♣♣.#___#__[#__#
♣..#)..#)÷.#._#
♣♣♣.###+#+###+## ♣
♣.#..........#
♣♣♣.'.⌠........#
≈...#...######'#
....#.⌠.#__#...#+#####
....#...#__#...#§T≈≈≈+
....#)###__#...#@#§§§#
....#.).#__#...§§#§§§#
....#___#__+...#.#§§§#
▓▓▓▓▓▓▓▓▓▓▓▓▓▓▓▓▓▓▓▓▓▓


You could see Snorg (berserk).

Vanquished Creatures
  A deep elf mage (D)
  A shadow (D)
  A spatial vortex (D)
  A necrophage (D)
  A water elemental (D)
  A jelly (D)
  Jessica (D)
  A necromancer (D)
  A wizard (D)
  3 humans (D)
  A kobold demonologist (D)
  2 oozes (D)
  A phantom (D)
  A rat (D)
17 creatures vanquished.

Vanquished Creatures (others)
  2 draconian scorchers (D)
  A yaktaur (D)
  2 fire drakes (D)
  2 plants (D)
7 creatures vanquished.

Grand Total: 24 creatures vanquished

Notes
Turn   | Place    | Note
--------------------------------------------------------------
     0 | D        | Kidiri the Troll Berserker began the quest for the Orb.
     0 | D        | Reached XP level 1. HP: 22/22 MP: 0/0
     5 | D        | Reached skill level 3 in Maces & Flails
    10 | D        | Reached ** piety under Trog
    10 | D        | Reached XP level 2. HP: 18/29 MP: 1/1
    34 | D        | Killed a yaktaur
    40 | D        | Noticed Jessica
    42 | D        | Killed Jessica
    42 | D        | Reached skill level 4 in Maces & Flails
    42 | D        | Reached XP level 3. HP: 34/37 MP: 2/2
   112 | D        | Reached *** piety under Trog
   130 | D        | Killed a fire drake
   165 | D        | Killed a white draconian scorcher
   174 | D        | Killed a white draconian scorcher
   176 | D        | Reached skill level 5 in Maces & Flails
   196 | D        | Gained mutation: You are partially covered in rough black scales (AC +4, Dex -1). [potion of mutation]
   196 | D        | Gained mutation: You have an increased reservoir of magic (+10% MP). [potion of mutation]
   196 | D        | Gained mutation: You are clumsy. (Dex -2) [potion of mutation]
   197 | D        | Gained mutation: You have sharp toenails. [potion of mutation]
   197 | D        | Gained mutation: You are very clumsy. (Dex -4) [potion of mutation]
   211 | D        | Noticed a water elemental
   216 | D        | Killed a water elemental
   216 | D        | Reached skill level 6 in Maces & Flails
   216 | D        | Reached skill level 5 in Dodging
   216 | D        | Reached XP level 4. HP: 39/48 MP: 3/3
   226 | D        | Killed a fire drake
   266 | D        | Found a radiant altar of Vehumet.
   266 | D        | Found a deep blue altar of Sif Muna.
   266 | D        | Found an ancient bone altar of Kikubaaqudgha.
   270 | D        | Noticed a sun demon
   270 | D        | Reached **** piety under Trog
   281 | D        | Reached XP level 5. HP: 55/55 MP: 4/4
   295 | D        | Reached ***** piety under Trog
   330 | D        | Found a glowing silver altar of Zin.
   330 | D        | Found a glowing golden altar of the Shining One.
   330 | D        | Found a white marble altar of Elyvilon.
   331 | D        | Noticed a deep elf mage
   336 | D        | Noticed an ice beast
   336 | D        | Killed a deep elf mage
   336 | D        | Reached skill level 9 in Maces & Flails
   336 | D        | Reached XP level 6. HP: 67/67 MP: 5/5
   336 | D        | Reached XP level 7. HP: 75/75 MP: 6/6
   383 | D        | Found an iron altar of Okawaru.
   384 | D        | Found a bloodstained altar of Trog.
   384 | D        | Noticed a human
   384 | D        | Noticed a human
   388 | D        | Killed a human
   388 | D        | Received a gift from Trog
   395 | D        | Killed a human
   395 | D        | Reached skill level 10 in Maces & Flails
   448 | D        | Found a snail-covered altar of Cheibriados.
   451 | D        | Found a basalt altar of Yredelemnul.
   451 | D        | Found a blossoming altar of Fedhas.
   494 | D        | Noticed a shadow
   497 | D        | Killed a shadow
   497 | D        | Reached XP level 8. HP: 87/87 MP: 7/7
   524 | D        | Found an oddly glowing altar of Pakellas.
   524 | D        | Found a stormy altar of Qazlal.
   525 | D        | Found a sacrificial altar of Ru.
   525 | D        | Found a burning altar of Makhleb.
   525 | D        | Found a viscous altar of Jiyva.
   525 | D        | Found a shimmering altar of Xom.
   525 | D        | Found a shadowy altar of Dithmenos.
   525 | D        | Found a sparkling altar of Nemelex Xobeh.
   525 | D        | Found a corrupted altar of Lugonu.
   525 | D        | Found an opulent altar of Gozag.
   533 | D        | Reached skill level 10 in Dodging
   579 | D        | Noticed Snorg
   591 | D        | Slain by Snorg

Vault maps used:
D:        dungeon_sprint_mu

Action                   |  1- 3 |  4- 6 |  7- 9 || total
-------------------------+-------+-------+-------++-------
Melee: Mace              |    35 |    15 |    10 ||    60
       Dire flail        |       |       |    13 ||    13
Invok: Berserk           |     2 |     2 |     5 ||     9
       Burn Spellbooks   |       |     2 |       ||     2
  Use: Potion            |     2 |     1 |     1 ||     4
  Eat: Chunk             |     1 |     2 |     6 ||     9
       Royal jelly       |       |     1 |       ||     1
